 Dungeon Crawl Stone Soup version 0.25-a0-842-g81a31cfd23 (webtiles) character file.

Game seed: 14456163067844369925, levelgen mode: classic

12326 Amnesiac the Zephyrmancer (level 11, -12/54 HPs)
             Began as a Deep Elf Air Elementalist on Apr 24, 2020.
             Was a High Priest of Dithmenos.
             Killed by divine providence
             ... invoked by an orc priest
              (15 damage)
             ... on level 1 of the Orcish Mines.
             The game lasted 00:27:07 (13691 turns).

Amnesiac the Zephyrmancer (DEAE)                   Turns: 13691, Time: 00:27:08

Health: -12/54     AC:  9    Str:  5    XL:     11   Next: 61%
Magic:  26/28      EV: 12    Int: 28    God:    Dithmenos [*****.]
Gold:   633        SH:  5    Dex: 10    Spells: 15/33 levels left

rFire    + . .     SeeInvis .   a - +7 hunting sling of Disembowelment {speed, rC+ MR+ Int+4 Dex-5}
rCold    + . .     Gourm    .   G - +1 buckler
rNeg     . . .     Faith    .   u - +0 steam dragon scales
rPois    .         Spirit   .   D - +2 helmet
rElec    .         Reflect  .   v - scarf {cloud immunity}
rCorr    .         Harm     .   r - +0 pair of gloves
MR       ++...                  (no boots)
Stlth    +++++.....             (no amulet)
HPRegen  0.18/turn              O - ring of protection from fire
MPRegen  0.21/turn              p - ring of stealth

@: wreathed by umbra
A: no striking features
a: Shadow Step, Shadow Form, Renounce Religion


You were on level 1 of the Orcish Mines.
You worshipped Dithmenos.
Dithmenos was extremely pleased with you.
You were not hungry.

You visited 2 branches of the dungeon, and saw 13 of its levels.
You also visited: Ossuary.

You collected 905 gold pieces.
You spent 272 gold pieces at shops.

Inventory:

Hand Weapons
 a - the +7 hunting sling of Disembowelment (weapon) {speed, rC+ MR+ Int+4 Dex-5}
   (You found it on level 5 of the Dungeon)

   Attacks with this weapon are significantly faster.
   It affects your intelligence (+4).
   It affects your dexterity (-5).
   It protects you from cold.
   It affects your resistance to hostile enchantments.
 M - the cursed +2 great sword of Sunlight {flame, MR+ Str+2 Stlth-, unknown}
   (You found it on level 10 of the Dungeon)

   It has been specially enchanted to burn those struck by it, causing extra
   injury to most foes and up to half again as much damage against particularly
   susceptible opponents.
   Big, fiery blades are also staple armaments of hydra-hunters.
   It affects your strength (+2).
   It affects your resistance to hostile enchantments.
   It makes you less stealthy.
   It has a curse placed upon it.
Missiles
 h - 316 stones (quivered)
Armour
 j - the +1 ring mail of Classification {rElec rPois Int-2}
   (You found it on level 4 of the Dungeon)

   It affects your intelligence (-2).
   It insulates you from electricity.
   It protects you from poison.
 r - a +0 pair of gloves (worn)
 u - +0 steam dragon scales (worn)
 v - a scarf of cloud immunity (worn)
 D - a +2 helmet (worn)
 G - a +1 buckler (worn)
 L - a +0 troll leather armour
Jewellery
 p - a ring of stealth (right hand)
 I - an uncursed ring of fire
 O - a ring of protection from fire (left hand)
Wands
 g - a wand of random effects (23)
 k - a wand of enslavement (15)
 m - a wand of scattershot (3)
 x - a wand of clouds (7)
 y - a wand of polymorph (3)
 J - a wand of acid (1)
Scrolls
 d - 5 scrolls of enchant armour {!r}
 f - a scroll of random uselessness {!r, unknown}
 l - 7 scrolls of remove curse {!r}
 q - 2 scrolls of magic mapping {!r}
 t - 5 scrolls of teleportation {!r}
 A - a scroll of vulnerability {!r, unknown}
 B - a scroll of blinking {!r}
 C - a scroll of identify {!r}
 H - a scroll of fog {!r, unknown}
 K - a scroll of amnesia {!r, unknown}
Potions
 b - 2 potions of mutation {!q}
 e - 2 potions of haste {!q}
 i - 2 potions of flight {!q}
 n - a potion of berserk rage {!q}
 o - a potion of brilliance {!q}
 s - 2 potions of resistance {!q}
 w - 2 potions of might {!q}
 z - a potion of lignification {!q, unknown}
 E - a potion of ambrosia {!q}
 F - a potion of magic {!q}
Comestibles
 c - 18 rations
 N - 8 chunks of flesh


   Skills:
 + Level 8.0 Slings
 - Level 2.4 Dodging
 - Level 3.0 Stealth
 - Level 4.0 Shields
 + Level 11.7 Spellcasting
 - Level 1.1 Conjurations
 * Level 12.5 Air Magic


You had 15 spell levels left.
You knew the following spells:

 Your Spells              Type           Power        Failure   Level  Hunger
a - Shock                 Conj/Air       ####         1%          1    None
b - Summon Lightning Spi  Summ/Air       ######..     2%          4    None
c - Summon Butterflies    Summ           ###.....     3%          1    None
d - Lightning Bolt        Conj/Air       ######....   6%          5    ###....
e - Airstrike             Air            ######....   1%          4    None
f - Apportation           Tloc           ###...       3%          1    None
z - Swiftness             Chrm/Air       ######..     1%          2    None

Your spell library contained the following spells:

 Spells                   Type           Power        Failure   Level  Hunger
 Static Discharge         Conj/Air       ######..     1%          3    None
 Foxfire                  Conj/Fire      ###.         2%          1    None
 Beastly Appendage        Tmut           ###...       3%          1    None
 Summon Small Mammal      Summ           ###.         3%          1    None
 Call Imp                 Summ           ###.....     4%          2    None
 Sticks to Snakes         Tmut           ###.....     4%          2    None
 Silence                  Hex/Air        ######....   7%          5    ###....
 Conjure Flame            Conj/Fire      ###.....     9%          3    None
 Call Canine Familiar     Summ           ###.....     10%         3    None
 Inner Flame              Hex/Fire       ###.....     10%         3    None
 Lesser Beckoning         Tloc           ###.......   10%         3    None
 Spider Form              Tmut/Pois      ###.......   10%         3    None
 Summon Guardian Golem    Hex/Summ       ###.....     10%         3    None
 Tukima's Dance           Hex            ###.....     10%         3    None
 Sticky Flame             Conj/Fire      ###.....     26%         4    None
 Cause Fear               Hex            ###.......   32%         4    None
 Ice Form                 Ice/Tmut       ###.....     32%         4    None
 Summon Ice Beast         Ice/Summ       ###.....     32%         4    None
 Fireball                 Conj/Fire      ###.......   58%         5    ###....
 Alistair's Intoxication  Tmut/Pois      ###.....     67%         5    ###....
 Blade Hands              Tmut           ###.......   67%         5    ###....
 Yara's Violent Unravell  Hex/Tmut       ###.......   67%         5    ###....
 Invisibility             Hex            ###.....     99%         6    #####..
 Discord                  Hex            ###.......   100%        8    #######


Dungeon Overview and Level Annotations

Branches:
Dungeon (11/15)            Temple (0/1) D:7            Lair (0/6) D:8
    Orc (2/2) D:9             Elf (0/3) Orc:2       Ossuary (visited)

Altars:
Dithmenos
Gozag
Hepliaklqana
Kikubaaqudgha
Makhleb
Okawaru
Qazlal
Ru
Sif Muna
Uskayaw
Wu Jian
Yredelemnul
The Shining One

Shops:
D:9 !

Annotations:
D:3 exclusion: downstairs
D:8 3 runed translucent doors, Flugkiller's ghost, novice BaAr
D:11 2 runed translucent doors


Message History

You feel aware of your surroundings.
You sensed 5 shops/portals.
The ogre barely misses you. You block the orc's attack.
The orc throws a boomerang.
The boomerang barely misses you.
The weapon returns to the orc!
You see here 18 gold pieces.
Found 22 gold pieces.
Some of the chunks of flesh in your inventory have rotted away.
The orc throws a boomerang.
The boomerang hits you.
The weapon returns to the orc!
The ogre closely misses you.
Found 9 gold pieces.
Found a stone staircase leading up.
Found 23 gold pieces.
There is a stone staircase leading up here.
You block the ogre's attack.
You climb upwards.
You feel a wave of frost pass over you.
There is an entrance to an ice cave on this level.
Hurry and find it before the portal melts!
You hear the faint crackling of a distant melting archway.
The orc priest shouts!
A gnoll sergeant, an orc warrior and 2 orc wizards come into view.
The orc warrior shouts!
You hear a shout!
The orc wizard shouts!
The gnoll sergeant shouts!
An orc comes into view.
You hear a shout! x6
Found 11 gold pieces.
Found a stone staircase leading down.
There is a stone staircase leading down here.
Unknown command.
An orc comes into view. It is wielding a +0 trident.
The orc shouts!
You hear a shout! x2
The orc priest invokes the aid of Beogh against you.
Beogh smites you!
An orc comes into view. It is wielding a +0 flail.
A gnoll comes into view. x3
The orc shouts!
Found 15 gold pieces.
A gnoll and an orc warrior come into view.
The gnoll shouts!
You hear a shout! x3
The orc wizard hits you but does no damage.
An orc comes into view. It is wielding a +0 short sword.
The ogre hits you with a +0 giant club!!
* * * LOW HITPOINT WARNING * * *
You emit a cloud of dark smoke.
The orc warrior moves out of view.
An orc and an orc wizard come into view.
The orc wizard hits you but does no damage.
An orc warrior comes into view. It is wielding a +0 glaive.
The gnoll sergeant hits you from afar with a +0 trident.
* * * LOW HITPOINT WARNING * * *
An orc sorcerer comes into view.
It is wielding a +0 dagger and wearing a +2 robe of fire resistance.
The orc sorcerer casts a spell.
The gnoll sergeant hits you from afar with a +0 trident!
* * * LOW HITPOINT WARNING * * *
Found 14 gold pieces.
The orc sorcerer howls an incantation.
The orc sorcerer shimmers violently.
An ogre comes into view. It is wielding a +0 giant club.
The orc sorcerer mumbles some strange words.
You block the gnoll's attack.
The orc sorcerer points at you and mumbles some strange words.
The bolt of fire hits the gnoll!
The bolt of fire hits you! You resist.
* * * LOW HITPOINT WARNING * * *
The orc priest mumbles some strange prayers to Beogh against you.
Beogh smites you!
You die...

***,##............,,,,,*
**#..........#..,,,,**
##...........##.,,**
##...............,**
###.......$........**
##.......>..........***
#*#....##.............*,**
##.##.........o.....#..,,,*
##....#.§..o..Og@.......,,**
#....oo.§§..og.o....O...,,,**
**,*#o#o§§#ogg3g........,,,,*
****#..§o§.o..oo......#,*,**
##$§§§§o#o.....#..#****
####...#.3....#,..*
*.§.....$...#*,#*
****#o.......#..#***
**,**...#.....o...*


You could see a soul eater, a sun demon, an orc sorcerer, 3 orc warriors, 2
ogres, a gnoll sergeant, an orc priest, 3 orc wizards, 4 gnolls and 4 orcs.

Vanquished Creatures
  A two-headed ogre (D:11)
  A manticore (D:11)
  Maggie (D:8)
  A centaur skeleton (D:11)
  A komodo dragon (D:6)
  2 trolls
  6 hippogriffs
  Sigmund (D:2)
  19 yaks
  A steam dragon (D:9)
  A shadow (D:11)
  A basilisk (D:8)
  3 wargs (D:9)
  A water moccasin (D:7)
  Duvessa (D:7)
  6 orc warriors
  3 sky beasts
  A phantom (D:4)
  2 eyes of draining
  6 ice beasts
  2 ogres
  9 centaurs
  A crocodile (D:8)
  3 elf zombies (Ossuary)
  2 big kobolds
  A gnoll sergeant (D:11)
  5 bullfrogs
  Dowan (D:7)
  A water moccasin skeleton (D:8)
  5 scorpions
  2 howler monkeys
  4 wights (D:7)
  A bullfrog zombie (D:6)
  2 centaur zombies (Ossuary)
  3 crimson imps
  A human zombie (Ossuary)
  5 hounds
  7 orc priests
  7 jellies
  8 orc wizards
  A bullfrog skeleton (D:5)
  3 iguanas
  Ijyb (D:3)
  Terence (D:2)
  9 worker ants
  A killer bee zombie (D:7)
  A hound zombie (D:9)
  4 hound skeletons
  2 mummies (Ossuary)
  2 worker ant zombies
  8 gnolls
  9 adders
  3 shadow imps
  A white imp (D:7)
  5 oozes (D:8)
  2 adder zombies
  5 worms
  2 dart slugs (D:2)
  4 leopard geckos
  33 orcs
  2 ball pythons
  10 bats
  4 giant cockroaches
  2 gnoll zombies (D:6)
  6 goblins
  9 hobgoblins
  7 quokkas
  4 frilled lizards
  A goblin skeleton (D:7)
  2 goblin zombies (D:7)
  15 hobgoblin zombies
  2 jackal zombies
  20 kobolds
  2 kobold skeletons (D:7)
  6 kobold zombies (Ossuary)
  A leopard gecko skeleton (D:8)
  A leopard gecko zombie (D:5)
  An orc skeleton (D:7)
  9 orc zombies (Ossuary)
  8 rats
  2 rat zombies (Ossuary)
340 creatures vanquished.

Notes
Turn   | Place    | Note
-------+----------+-------------------------------------------
     0 | D:1      | Amnesiac the Deep Elf Air Elementalist began the quest for
                  | the Orb.
     0 | D:1      | Reached XP level 1. HP: 10/10 MP: 6/6
    26 | D:2      | Reached XP level 2. HP: 15/15 MP: 5/8
    46 | D:2      | Learned a level 2 spell: Swiftness
   419 | D:3      | Reached XP level 3. HP: 19/19 MP: 6/10
   454 | D:3      | Reached skill level 4 in Air Magic
   569 | D:3      | Noticed Ijyb
   582 | D:3      | Killed Ijyb
   637 | D:4      | Reached XP level 4. HP: 22/24 MP: 9/12
   643 | D:4      | Learned a level 4 spell: Airstrike
   824 | D:4      | Got a polished ring mail
   828 | D:5      | Entered Level 5 of the Dungeon
   839 | D:5      | Identified the +1 ring mail of Classification {rElec rPois
                  | Int-2} (You found it on level 4 of the Dungeon)
  1127 | D:4      | Reached skill level 5 in Air Magic
  1127 | D:4      | Reached XP level 5. HP: 23/28 MP: 7/14
  1163 | D:4      | Learned a level 5 spell: Lightning Bolt
  1338 | D:4      | Noticed an ogre
  1356 | D:4      | Killed an ogre
  1356 | D:4      | Reached skill level 5 in Spellcasting
  1614 | D:4      | Reached XP level 6. HP: 32/32 MP: 9/16
  1769 | D:4      | Reached skill level 6 in Air Magic
  2178 | D:5      | Got a crystal hunting sling
  2293 | D:5      | Identified the +7 hunting sling of Disembowelment {speed,
                  | rC+ MR+ Int+4 Dex-5} (You found it on level 5 of the
                  | Dungeon)
  2622 | D:5      | Reached XP level 7. HP: 32/36 MP: 1/18
  2752 | D:5      | Reached skill level 1 in Slings
  2811 | D:5      | Reached skill level 7 in Air Magic
  3284 | D:6      | Noticed a komodo dragon
  3289 | D:6      | Killed a komodo dragon
  3289 | D:6      | Reached XP level 8. HP: 41/41 MP: 2/20
  3369 | D:6      | Reached skill level 8 in Air Magic
  3965 | D:6      | Found a basalt altar of Yredelemnul.
  4404 | D:7      | Reached skill level 5 in Slings
  4438 | D:7      | Found a shadowy altar of Dithmenos.
  4443 | D:7      | Became a worshipper of Dithmenos the Shadowed
  4598 | D:1      | Paralysed by fainting for 9 turns
  5294 | D:2      | Reached * piety under Dithmenos
  5360 | D:2      | Noticed Terence
  5362 | D:2      | Killed Terence
  5681 | D:2      | Noticed Sigmund
  5685 | D:2      | Killed Sigmund
  6300 | D:3      | Reached XP level 9. HP: 45/45 MP: 10/22
  6307 | D:3      | Learned a level 4 spell: Summon Lightning Spire
  6337 | D:3      | Reached ** piety under Dithmenos
  6944 | D:7      | Found a staircase to the Ecumenical Temple.
  6983 | D:7      | Noticed Dowan
  6984 | D:7      | Noticed Duvessa
  7016 | D:7      | Killed Dowan
  7077 | D:7      | Killed Duvessa
  7077 | D:7      | Reached skill level 1 in Shields
  7297 | D:7      | Found a glowing golden altar of the Shining One.
  7498 | D:7      | Reached skill level 9 in Air Magic
  7916 | D:8      | Found an ornate altar of the Wu Jian Council.
  7948 | D:8      | Found a staircase to the Lair.
  8068 | D:8      | Reached *** piety under Dithmenos
  8073 | D:8      | Found a runed translucent gate.
  8073 | D:8      | Found a runed translucent gate.
  8073 | D:8      | Found a runed translucent gate.
  8076 | D:8      | Found an opulent altar of Gozag.
  8078 | D:8      | Noticed a brown ugly thing
  8080 | D:8      | Noticed Flugkiller's ghost (novice BaAr)
  8092 | D:8      | Found a sand-covered staircase.
  8101 | Ossuary  | Entered an ossuary
  8516 | Ossuary  | Reached XP level 10. HP: 47/50 MP: 14/25
  8664 | D:8      | Reached **** piety under Dithmenos
  8695 | D:8      | Noticed Maggie
  8710 | D:8      | Noticed an elephant
  8748 | D:8      | Noticed a seven-headed hydra
  8763 | D:7      | Found a stormy altar of Qazlal.
  9011 | D:8      | Reached skill level 10 in Air Magic
  9435 | D:8      | Killed Maggie
  9717 | D:9      | Found a staircase to the Orcish Mines.
 10137 | D:9      | Reached skill level 10 in Spellcasting
 10274 | D:9      | Reached ***** piety under Dithmenos
 10343 | D:9      | Found Nomuo's Distillery.
 10349 | D:9      | Bought a potion of degeneration for 16 gold pieces
 10349 | D:9      | Bought a potion of ambrosia for 128 gold pieces
 10349 | D:9      | Bought a potion of magic for 128 gold pieces
 10764 | D:9      | Found an iron altar of Okawaru.
 10771 | D:9      | Found a hide-covered altar of Uskayaw.
 10776 | D:9      | Found an ancient bone altar of Kikubaaqudgha.
 10788 | D:9      | Found a sacrificial altar of Ru.
 10799 | D:9      | Found a hazy altar of Hepliaklqana.
 10806 | D:9      | Found a shimmering blue altar of Sif Muna.
 10813 | D:9      | Found a burning altar of Makhleb.
 10905 | D:9      | Reached skill level 11 in Air Magic
 11010 | D:10     | Entered Level 10 of the Dungeon
 11530 | D:10     | Reached XP level 11. HP: 54/54 MP: 18/27
 11766 | D:10     | Got a slimy great sword
 11795 | D:10     | Learned a level 1 spell: Summon Butterflies
 11797 | D:10     | Learned a level 1 spell: Apportation
 12399 | D:11     | Found a runed translucent door.
 12726 | D:11     | Reached skill level 12 in Air Magic
 13113 | D:11     | Noticed a two-headed ogre
 13118 | D:11     | Killed a two-headed ogre
 13208 | D:11     | Found a runed translucent door.
 13582 | D:11     | Noticed a red ugly thing
 13625 | Orc:1    | Entered Level 1 of the Orcish Mines
 13666 | Orc:2    | Entered Level 2 of the Orcish Mines
 13686 | Orc:1    | Noticed an orc sorcerer
 13687 | Orc:1    | Noticed a sun demon
 13691 | Orc:1    | Noticed a soul eater
 13691 | Orc:1    | Killed from afar by an orc priest

Levels and vault maps discovered:
D:1:      tarquinn_simple_flora_water_b, layout_basic, nrook_campfire,
          minmay_misc_feat_columns
D:2:      minmay_door_path, layout_basic, uniq_terence, uniq_sigmund
D:3:      layout_basic, uniq_ijyb
D:4:      layout_gridville
D:5:      layout_loops_ring, first_ration
D:6:      layout_layer_cave, lemuel_zombie_altar_yredelemnul
D:7:      layout_loops_ring, nicolae_overflow_hidden_temple,
          grunt_dithmenos_smoke, nicolae_tso_besieged_by_evil,
          minmay_temple_entry_wispy, uniq_duvessa
D:8:      layout_cave_pools, lemuel_round_altar, david_lair_generic,
          ebering_ghost_gozag, chequers_ossuary_entry_cave,
          hangedman_little_slice_of_home, minmay_misc_feat_encased, uniq_maggie
D:9:      layout_basic, grunt_temple_overflow_octagram, david_orc_1_choice,
          serial_shops, nicolae_shop_statue_plus, minmay_tree_intersection
D:10:     layout_basic, kennysheep_generic_room_16
D:11:     cheibrodos_histonic, layout_basic
Orc:1:    layout_caves, serial_shops, nicolae_shop_competitors_out_of_business,
          portal_ice_cave_entry_imps, sword_in_stone
Orc:2:    st_orc_open, layout_diamond_mine, serial_shops,
          nicolae_shop_window_shopping, uniq_maurice

Skill      XL: |  1  2  3  4  5  6  7  8  9 10 11 |
---------------+----------------------------------+-----
Air Magic      | 4 5 6 7 8 9 11 12 | 12.5
Spellcasting   | 4 5 6 7 9 10 11 | 11.7
Slings         | 2 5 6 7 8 |  8.0
Stealth        | 3 |  3.0
Shields        | 2 4 |  4.0
Dodging        | |  2.4
Conjurations   | |  1.1

Action                   |  1- 3 |  4- 6 |  7- 9 | 10-12 || total
-------------------------+-------+-------+-------+-------++-------
 Fire: Hunting sling     |       |       |   188 |    39 ||   227
 Cast: Shock             |    32 |    58 |   125 |   124 ||   339
       Airstrike         |       |    13 |   100 |   137 ||   250
Evoke: Wand              |       |       |       |     5 ||     5
  Use: Scroll            |       |       |    11 |     6 ||    17
       Potion            |       |       |     7 |     7 ||    14
  Eat: Chunk             |       |     5 |    19 |    16 ||    40
       Ration            |       |       |     1 |       ||     1
Armor: Robe              |     3 |     1 |    16 |     9 ||    29
       Steam dragon scal |       |       |       |    14 ||    14
Dodge: Dodged            |    11 |    16 |    45 |    71 ||   143
Block: Buckler           |       |       |     4 |    34 ||    38

Table legend:
 A = Non-vault XP
 B = Vault XP
 C = Vault XP percentage of total XP
 D = Non-vault monster count
 E = Vault monster count
 F = Vault count percentage of total count
                 A         B        C        D         E       F
            +---------+---------+-------+---------+---------+-------
      Total |   14899 |    2710 |  15.4 |     258 |      82 |  24.1
            +---------+---------+-------+---------+---------+-------
        D:1 |      29 |       0 |   0.0 |      19 |       0 |   0.0
        D:2 |      83 |     267 |  76.3 |      29 |       5 |  14.7
        D:3 |     207 |      38 |  15.5 |      17 |       1 |   5.6
        D:4 |     493 |       0 |   0.0 |      20 |       0 |   0.0
        D:5 |     468 |       0 |   0.0 |      14 |       0 |   0.0
        D:6 |     963 |       3 |   0.3 |      11 |       2 |  15.4
        D:7 |    1383 |     241 |  14.8 |      25 |      12 |  32.4
        D:8 |    1099 |     964 |  46.7 |      31 |      12 |  27.9
        D:9 |    2273 |     690 |  23.3 |      23 |       9 |  28.1
       D:10 |    2112 |       6 |   0.3 |      16 |       2 |  11.1
       D:11 |    5789 |       0 |   0.0 |      53 |       0 |   0.0
    Ossuary |       0 |     501 | 100.0 |       0 |      39 | 100.0
            +---------+---------+-------+---------+---------+-------
